AoeStats
← PetForMeows

Nomad

510217693Analyzed
3v3 RM · 1d ago on Sep 30, 2026· 53m 51s· 6 players
Game mode
Random Map
Map size
210×210
Population
200
Speed
Normal
Resources
Standard
Victory
Conquest
Starting age
Dark Age
Ending age
Imperial Age
RankedLock teamsTeams togetherTeam positionsShared explorationLock speedFull tech treeHidden civsTurbo modeCheats
Victory
Defeat
🇦🇺 Huns · Australia
991
+9
🇦🇺 Burmese · Australia
947
+10
🇦🇺 Malay · Australia
922
+11
🇬🇧 Huns · United Kingdom
860
-12
🇨🇱 Varangians · Chile
787
-9
🇨🇱 Danes · Chile
787
-9
ReeeeviL25
8:02 Loom
17:57 Feudal Age
18:59 Man-at-Arms
19:26 Arson
21:27 Horse Collar
23:04 Forging
22:55 Scale Mail Armor
23:49 Gold Mining
24:46 Wheelbarrow
23:56 Fishing Lines
31:32 Double-Bit Axe
33:55 Castle Age
32:24 Fletching
34:02 Stone Mining
34:47 Gillnets
35:16 Hand Cart
35:41 Iron Casting
35:23 Chain Mail Armor
34:58 Gambesons
35:25 Squires
34:46 Long Swordsman
37:33 Pikeman
39:52 Hamask
40:52 Padded Archer Armor
44:18 Imperial Age
43:58 Ballistics
46:26 Conscription
50:07 Blast Furnace
53:00 Chemistry
TheBunjiMunji
17:36 Feudal Age
19:24 Fishing Lines
22:03 Castle Age
20:03 Double-Bit Axe
20:30 Horse Collar
23:10 Bow Saw
23:04 Heavy Plow
23:03 Gillnets
25:53 Stone Mining
25:54 Gold Mining
28:35 Gold Shaft Mining
33:10 Imperial Age
31:24 Wheelbarrow
32:54 Forging
32:50 Scale Barding Armor
32:49 Husbandry
33:00 Bloodlines
33:51 Hand Cart
33:23 Loom
34:47 Iron Casting
34:36 Conscription
34:18 Marauders
37:04 Two-Man Saw
37:11 Chain Barding Armor
37:52 Blast Furnace
37:59 Elite Tarkan
38:59 Caravan
43:49 Fletching
45:12 Cavalier
48:04 Paladin
50:27 Plate Barding Armor
49:23 Paladin
ReeeeviL
12:56 Loom
15:50 Feudal Age
17:36 Fishing Lines
19:32 Bloodlines
20:14 Town Watch
21:08 Wheelbarrow
23:53 Forging
23:50 Scale Barding Armor
32:56 Castle Age
32:18 Scale Mail Armor
35:23 Gambesons
Jay
3:27 Loom
13:49 Feudal Age
15:07 Wheelbarrow
14:14 Horse Collar
14:21 Double-Bit Axe
25:52 Castle Age
24:01 Stone Mining
25:40 Forging
27:26 Hand Cart
28:10 Heavy Plow
28:21 Scale Barding Armor
31:15 Bow Saw
34:22 Bloodlines
34:14 Husbandry
37:16 Imperial Age
34:53 Gold Mining
36:00 Iron Casting
35:48 Chain Barding Armor
36:09 Marauders
37:55 Elite Tarkan
41:56 Gold Shaft Mining
43:52 Blast Furnace
43:28 Plate Barding Armor
43:42 Pikeman
44:35 Squires
44:20 Arson
44:37 Scale Mail Armor
45:27 Halberdier
47:05 Chain Mail Armor
49:30 Conscription
PetForMeows
5:57 Loom
15:42 Feudal Age
16:20 Wheelbarrow
15:30 Fishing Lines
15:45 Double-Bit Axe
17:47 Man-at-Arms
21:04 Castle Age
20:38 Forging
23:10 Hand Cart
24:06 Long Swordsman
24:48 Squires
24:35 Arson
26:55 Pikeman
29:01 Bow Saw
30:54 Gillnets
31:02 Horse Collar
33:11 Fletching
33:57 Iron Casting
34:45 Town Watch
37:47 Imperial Age
35:05 Town Watch
35:20 Bodkin Arrow
38:22 Blast Furnace
36:58 Two-Handed Swordsman
37:26 Capped Ram
38:50 Bracer
41:09 Conscription
41:12 Guilds
41:08 Forced Levy
41:36 Halberdier
44:16 Thalassocracy
45:06 Padded Archer Armor
45:07 Murder Holes
45:33 Ballistics
45:19 Siege Engineers
46:13 Heavy Plow
Shaqirius Metadata
14:55 Feudal Age
15:30 Horse Collar
24:45 Castle Age
24:14 Gold Mining
25:06 Stone Mining
29:28 Heavy Plow
31:25 Scale Barding Armor
31:32 Forging
35:15 Gold Shaft Mining
35:34 Chain Barding Armor
35:07 Fishing Lines
36:13 Husbandry
42:42 Imperial Age
44:17 Cavalier
45:09 Squires
44:29 Pikeman
48:00 Crop Rotation
49:18 Halberdier
Connection lost

Rejoining the realm…

Still unreachable

The connection could not be restored.

Session expired

The server has moved on; the page needs a fresh start.